Lowell Devils vs Boisbriand Armada

Created - 4 janvier 2022 at 16:56

Goals
1 2 3 T
Lowell Devils 2 0 2 4
Boisbriand Armada 3 3 0 6
Shots
1 2 3 T
Lowell Devils 11 10 9 30
Boisbriand Armada 18 9 12 39

1st period

1. Lowell Devils , Lane Pederson 16 (Akil Thomas 31, Cooper Marody 38) at 1:25
2. Boisbriand Armada , Anthony Richard 9 (Nikolas Brouillard 1) at 2:26
3. Boisbriand Armada , Anthony Richard 10 (Otto Koivula 7) at 3:52
4. Lowell Devils , Radim Zohorna 10 (Cole Caufield 15, Cole Perfetti 29) at 6:17
5. Boisbriand Armada , Gabriel Gagne 2 (Otto Koivula 8, Xavier Ouellet 17) at 9:55

Penalties :
No Penalty

2nd period

6. Boisbriand Armada , Dylan Gambrell 26 (Pavel Gogolev 34) at 0:42
7. Boisbriand Armada , Morgan Frost 13 (Dominik Bokk 12) at 4:51
8. Boisbriand Armada , Gabriel Gagne 3 (Anthony Richard 9, Otto Koivula 9) at 19:20

Penalties :
No Penalty

3rd period

9. Lowell Devils , Lane Pederson 17 (Akil Thomas 32, Brinson Pasichnuk 7) at 5:57
10. Lowell Devils , Radim Zohorna 11 (Jack Ahcan 3) at 19:13

Penalties :
Morgan Frost (ARM) for Hooking (Minor) at 0:49, Wyatte Wylie (ARM) for Fighting (Major) at 4:55, Trey Fix-Wolansky (DEV) for Fighting (Major) at 4:55

Goalie Stats

Ryan Miller (DEV), 15 saves from 19 shots - (0,789), 20:42 minutes
Vasily Demchenko (DEV), 18 saves from 20 shots - (0,900), L, 8-2-1, 39:18 minutes
Hunter Jones (ARM), 26 saves from 30 shots - (0,867), W, 5-3-3, 60:00 minutes

Players Stats for Lowell Devils

Player Name              G  A  P  +/- PIM S  H  SB GA TA FO     MP     PP MP  PK MP  
------------------------------------------------------------------------------------
Akil Thomas              0  2  2   1  0   3  0  0  1  2  0/0    18:48   0:54   0:00 
Brinson Pasichnuk        0  1  1  -1  0   0  2  0  0  1  0/0    20:38   0:57   0:00 
Cole Caufield            0  1  1   0  0   4  1  0  1  0  0/0    18:15   1:05   0:00 
Cole Perfetti            0  1  1   0  0   2  2  0  1  2  2/2    18:15   1:05   0:00 
Cooper Marody            0  1  1   1  0   3  1  1  0  0  5/14   18:48   0:54   0:00 
Evan Barratt             0  0  0   0  0   0  0  0  0  0  0/0     6:39   0:00   0:00 
Ian Mitchell             0  0  0  -2  0   0  0  1  0  0  0/0    25:34   1:02   0:00 
Jack Ahcan               0  1  1   1  0   0  0  0  0  1  0/0    13:48   0:00   0:00 
Jack Rathbone            0  0  0   1  0   1  1  0  0  2  0/0    13:48   0:00   0:00 
Jack Studnicka           0  0  0  -3  0   2  1  0  1  1  3/4    16:18   0:00   0:00 
Jan Jenik                0  0  0   0  0   1  1  0  0  0  0/0     5:28   0:00   0:00 
Kyle Capobianco          0  0  0  -1  0   0  1  0  0  2  0/0    20:38   0:57   0:00 
Lane Pederson            2  0  2   1  0   5  1  3  0  2  0/0    18:48   0:54   0:00 
Matthew Phillips         0  0  0   0  0   1  0  0  0  0  1/3     6:39   0:00   0:00 
Radim Zohorna            2  0  2   0  0   5  4  0  1  1  11/30  22:33   1:05   0:00 
Samuel Bolduc            0  0  0  -2  0   1  3  2  1  1  0/0    25:34   1:02   0:00 
Trey Fix-Wolansky        0  0  0  -3  5   1  1  0  0  1  0/1    13:10   0:00   0:00 
Vitaly Abramov           0  0  0  -3  0   1  5  1  3  0  0/0    16:18   0:00   0:00 

Players Stats for Boisbriand Armada

Player Name              G  A  P  +/- PIM S  H  SB GA TA FO     MP     PP MP  PK MP  
------------------------------------------------------------------------------------
Anthony Richard          2  1  3   3  0   4  1  0  1  1  3/9    15:25   0:00   0:00 
Casey Fitzgerald         0  0  0   2  0   0  2  0  0  1  0/0    13:13   0:00   0:00 
Darren Raddysh           0  0  0   1  0   0  2  1  0  1  0/0    21:14   0:00   0:52 
Dominik Bokk             0  1  1   0  0   1  2  0  2  0  0/1    18:57   0:00   0:26 
Donovan Sebrango         0  0  0  -2  0   0  0  1  0  0  0/0    20:18   0:00   1:07 
Dylan Gambrell           1  0  1  -1  0   2  1  4  2  1  23/31  23:51   0:00   0:58 
Gabriel Gagne            2  0  2   3  0   5  1  0  0  0  0/0    15:48   0:00   0:35 
Jeremy Roy               0  0  0   1  0   1  0  1  0  2  0/0    16:14   0:00   0:00 
Josh Melnick             0  0  0   0  0   1  1  1  2  0  2/3    18:18   0:00   0:00 
Mason Primeau            0  0  0  -1  0   0  1  0  0  0  0/1     7:15   0:00   0:00 
Morgan Frost             1  0  1   0  2   4  1  1  3  0  4/8    18:55   0:00   0:00 
Nikolas Brouillard       0  1  1   1  0   0  0  0  0  0  0/0     5:15   0:00   0:00 
Nolan Patrick            0  0  0   0  0   8  1  1  2  0  0/0    18:33   0:00   0:58 
Otto Koivula             0  3  3   3  0   3  1  0  3  1  0/0    15:56   0:00   0:35 
Pavel Gogolev            0  1  1   0  0   8  1  0  0  1  0/1    17:47   0:00   0:26 
Wes Michaud              0  0  0  -1  0   0  0  0  0  0  0/0     7:15   0:00   0:00 
Wyatte Wylie             0  0  0  -1  5   1  2  3  1  1  0/0    17:26   0:00   1:07 
Xavier Ouellet           0  1  1   2  0   1  1  1  0  0  0/0    26:19   0:00   0:52 

3 Stars

1 - Anthony Richard (ARM)
2 - Gabriel Gagne (ARM)
3 - Otto Koivula (ARM)

Power Play

Lowell Devils - 0 on 1 Attempt(s) - 0,00%
Boisbriand Armada - 0 on 0 Attempt(s) - 0,00%

Penalty Kill

Lowell Devils - 0 on 0 Attempt(s) - 0,00% - Score 0 goal in Penalty Kill
Boisbriand Armada - 1 on 1 Attempt(s) - 100,00% - Score 0 goal in Penalty Kill

Team Stat

Lowell Devils - Hits : 24 - Faceoff Wins : 22 - Blocked Shots : 8 - Penalty Minutes : 5
Boisbriand Armada - Hits : 18 - Faceoff Wins : 32 - Blocked Shots : 14 - Penalty Minutes : 7

Official

Referees : Tim Mayer and Trevor Hanson
Linesman : Shandor Alphonso and Brian Mach

Game Notes

Vasily Demchenko enters game at 0:42 of 2nd period
Wyatte Wylie and Trey Fix-Wolansky fight to a draw at 4:55 of 3rd period

Finance

Level 1 -- Attendance: 1535 (76,75%) -- Ticket Income 53 725 $
Level 2 -- Attendance: 1000 (100,00%) -- Ticket Income 15 000 $
Total Attendance: 2535 (84,50%)
Total Ticket Income: 68 725 $
Other Income: 33 675 $
Total Income: 102 400 $

Lowell Devils

5 vs 5 Forward 
   Center                   Left Wing                Right Wing               Time % Phy DF OF 
 1 Radim Zohorna            Cole Perfetti            Cole Caufield            40     1   2  2  
 2 Cooper Marody            Lane Pederson            Akil Thomas              30     1   2  2  
 3 Jack Studnicka           Vitaly Abramov           Trey Fix-Wolansky        20     1   2  2  
 4 Matthew Phillips         Evan Barratt             Radim Zohorna            10     1   2  2  

5 vs 5 Defense 
   Defense                  Defense                                           Time % Phy DF OF 
 1 Ian Mitchell             Samuel Bolduc                                     40     1   2  2  
 2 Kyle Capobianco          Brinson Pasichnuk                                 30     1   2  2  
 3 Jack Rathbone            Jack Ahcan                                        20     1   2  2  
 4 Ian Mitchell             Samuel Bolduc                                     10     1   2  2  

PowerPlay Forward 
   Center                   Left Wing                Right Wing               Time % Phy DF OF 
 1 Radim Zohorna            Cole Perfetti            Cole Caufield            60     1   2  2  
 2 Cooper Marody            Lane Pederson            Akil Thomas              40     1   2  2  

PowerPlay Defense
   Defense                  Defense                                           Time % Phy DF OF 
 1 Ian Mitchell             Samuel Bolduc                                     60     1   2  2  
 2 Kyle Capobianco          Brinson Pasichnuk                                 40     1   2  2  

Penalty Kill 4 Players Forward 
   Center                   Wing                     Time % Phy DF OF 
 1 Radim Zohorna            Cole Perfetti            60     1   2  2  
 2 Cole Caufield            Cooper Marody            40     1   2  2  

Penalty Kill 4 Players Defense
   Defense                  Defense                  Time % Phy DF OF 
 1 Ian Mitchell             Samuel Bolduc            60     1   2  2  
 2 Kyle Capobianco          Brinson Pasichnuk        40     1   2  2  

Penalty Kill - 3 Players Forward 
   Forward                                           Time % Phy DF OF 
 1 Radim Zohorna                                     60     1   2  2  
 2 Cole Perfetti                                     40     1   2  2  

Penalty Kill - 3 Players Defense
   Defense                  Defense                  Time % Phy DF OF 
 1 Ian Mitchell             Samuel Bolduc            60     1   2  2  
 2 Kyle Capobianco          Brinson Pasichnuk        40     1   2  2  

4 vs 4 Forward 
   Center                   Wing                     Time % Phy DF OF 
 1 Radim Zohorna            Cole Perfetti            60     1   2  2  
 2 Cole Caufield            Cooper Marody            40     1   2  2  

4 vs 4 Defense
   Defense                  Defense                  Time % Phy DF OF 
 1 Ian Mitchell             Samuel Bolduc            60     1   2  2  
 2 Kyle Capobianco          Brinson Pasichnuk        40     1   2  2  

Last Minutes Offensive
   Center                   Left Wing                Right Wing               Defense                  Defense                  
   Radim Zohorna            Cole Perfetti            Cole Caufield            Ian Mitchell             Samuel Bolduc            

Last Minutes Defensive
   Center                   Left Wing                Right Wing               Defense                  Defense                  
   Radim Zohorna            Cole Perfetti            Cole Caufield            Ian Mitchell             Samuel Bolduc            

Goaltenders
Starting : Ryan Miller              
Backup : Vasily Demchenko         

Extra Forwards
Normal : Jan Jenik, Vitaly Abramov, Jack Studnicka - PP : Jan Jenik, Vitaly Abramov - PK : Jack Studnicka
Extra Defensemen
Normal : Jack Rathbone, Jack Ahcan, Kyle Capobianco - PP : Jack Rathbone - PK : Jack Ahcan, Kyle Capobianco
Penalty Shots
Radim Zohorna, Cole Perfetti, Cole Caufield, Cooper Marody, Akil Thomas

Scratches
Filip Chlapik (Healthy), Daniel Brickley (Healthy), Ivan Chekhovich (Healthy), Evan Bouchard (Healthy), Mac Hollowell (Healthy)
Trent Frederic (Healthy), Shane Bowers (Healthy), Matt Kiersted (Healthy), Zach Sawchenko (Healthy), Dustin Wolf (Healthy)
Trevin Kozlowski (Healthy)

Boisbriand Armada

5 vs 5 Forward 
   Center                   Left Wing                Right Wing               Time % Phy DF OF 
 1 Dylan Gambrell           Pavel Gogolev            Nolan Patrick            40     1   2  2  
 2 Morgan Frost             Dominik Bokk             Josh Melnick             30     1   2  2  
 3 Anthony Richard          Otto Koivula             Gabriel Gagne            20     1   2  2  
 4 Mason Primeau            Wes Michaud              Dylan Gambrell           10     1   2  2  

5 vs 5 Defense 
   Defense                  Defense                                           Time % Phy DF OF 
 1 Xavier Ouellet           Darren Raddysh                                    40     1   2  2  
 2 Donovan Sebrango         Wyatte Wylie                                      30     1   2  2  
 3 Jeremy Roy               Casey Fitzgerald                                  20     1   2  2  
 4 Nikolas Brouillard       Xavier Ouellet                                    10     1   2  2  

PowerPlay Forward 
   Center                   Left Wing                Right Wing               Time % Phy DF OF 
 1 Dylan Gambrell           Pavel Gogolev            Nolan Patrick            60     1   2  2  
 2 Morgan Frost             Dominik Bokk             Josh Melnick             40     1   2  2  

PowerPlay Defense
   Defense                  Defense                                           Time % Phy DF OF 
 1 Xavier Ouellet           Darren Raddysh                                    60     1   2  2  
 2 Donovan Sebrango         Wyatte Wylie                                      40     1   2  2  

Penalty Kill 4 Players Forward 
   Center                   Wing                     Time % Phy DF OF 
 1 Dylan Gambrell           Nolan Patrick            60     1   2  2  
 2 Pavel Gogolev            Morgan Frost             40     1   2  2  

Penalty Kill 4 Players Defense
   Defense                  Defense                  Time % Phy DF OF 
 1 Xavier Ouellet           Darren Raddysh           60     1   2  2  
 2 Donovan Sebrango         Wyatte Wylie             40     1   2  2  

Penalty Kill - 3 Players Forward 
   Forward                                           Time % Phy DF OF 
 1 Dylan Gambrell                                    60     1   2  2  
 2 Nolan Patrick                                     40     1   2  2  

Penalty Kill - 3 Players Defense
   Defense                  Defense                  Time % Phy DF OF 
 1 Xavier Ouellet           Darren Raddysh           60     1   2  2  
 2 Donovan Sebrango         Wyatte Wylie             40     1   2  2  

4 vs 4 Forward 
   Center                   Wing                     Time % Phy DF OF 
 1 Dylan Gambrell           Nolan Patrick            60     1   2  2  
 2 Pavel Gogolev            Morgan Frost             40     1   2  2  

4 vs 4 Defense
   Defense                  Defense                  Time % Phy DF OF 
 1 Xavier Ouellet           Darren Raddysh           60     1   2  2  
 2 Donovan Sebrango         Wyatte Wylie             40     1   2  2  

Last Minutes Offensive
   Center                   Left Wing                Right Wing               Defense                  Defense                  
   Dylan Gambrell           Pavel Gogolev            Nolan Patrick            Xavier Ouellet           Darren Raddysh           

Last Minutes Defensive
   Center                   Left Wing                Right Wing               Defense                  Defense                  
   Dylan Gambrell           Pavel Gogolev            Nolan Patrick            Xavier Ouellet           Darren Raddysh           

Goaltenders
Starting : Hunter Jones             
Backup : Olivier Rodrigue         

Extra Forwards
Normal : Anthony Richard, Otto Koivula, Gabriel Gagne - PP : Anthony Richard, Otto Koivula - PK : Gabriel Gagne
Extra Defensemen
Normal : Jeremy Roy, Casey Fitzgerald, Nikolas Brouillard - PP : Jeremy Roy - PK : Casey Fitzgerald, Nikolas Brouillard
Penalty Shots
Dylan Gambrell, Nolan Patrick, Pavel Gogolev, Morgan Frost, Josh Melnick

Scratches
Cameron Hebig (Healthy), Henry Bowlby (Head Injury), Jakob Stukel (Healthy), Veini Vehvilainen (Healthy)

% Time on Ice - Lowell Devils

Lines # - Real PCT - Wanted PCT - Time Play
Normal Forward
1 - 30% - 40% - 17:10
2 - 31% - 30% - 18:04
3 - 28% - 20% - 16:08
4 - 11% - 10% - 6:39
Normal Defense
1 - 36% - 40% - 20:55
2 - 34% - 30% - 19:41
3 - 24% - 20% - 13:48
4 - 6% - 10% - 3:37
PP Forward
1 - 55% - 60% - 1:05
2 - 45% - 40% - 0:54
PP Defense
1 - 52% - 60% - 1:02
2 - 48% - 40% - 0:57
PK Forward
1 - 0% - 60%
2 - 0% - 40%
PK Defense
1 - 0% - 60%
2 - 0% - 40%
PK3 Forward
1 - 0% - 60%
2 - 0% - 40%
PK3 Defense
1 - 0% - 60%
2 - 0% - 40%
44 Forward
1 - 0% - 60%
2 - 0% - 40%
44 Defense
1 - 0% - 60%
2 - 0% - 40%
Last Minute Offensive  - 0:00
Last Minute Defensive  - 0:00
Total
Forward - 60:00
Defense - 60:00

% Time on Ice - Boisbriand Armada

Lines # - Real PCT - Wanted PCT - Time Play
Normal Forward
1 - 30% - 40% - 17:26
2 - 32% - 30% - 18:21
3 - 26% - 20% - 14:59
4 - 12% - 10% - 7:15
Normal Defense
1 - 35% - 40% - 20:22
2 - 33% - 30% - 19:11
3 - 23% - 20% - 13:13
4 - 9% - 10% - 5:15
PP Forward
1 - 0% - 60%
2 - 0% - 40%
PP Defense
1 - 0% - 60%
2 - 0% - 40%
PK Forward
1 - 78% - 60% - 1:33
2 - 22% - 40% - 0:26
PK Defense
1 - 44% - 60% - 0:52
2 - 56% - 40% - 1:07
PK3 Forward
1 - 0% - 60%
2 - 0% - 40%
PK3 Defense
1 - 0% - 60%
2 - 0% - 40%
44 Forward
1 - 0% - 60%
2 - 0% - 40%
44 Defense
1 - 0% - 60%
2 - 0% - 40%
Last Minute Offensive  - 0:00
Last Minute Defensive  - 0:00
Total
Forward - 60:00
Defense - 60:00

Play-by-Play

1st period


0:01 of 1st period - Radim Zohorna wins face-off versus Dylan Gambrell in neutral zone.
0:04 of 1st period - Snap shot by Cole Caufield.
0:04 of 1st period - Shot Blocked by Dylan Gambrell.
0:06 of 1st period - Snap shot by Ian Mitchell.
0:06 of 1st period - Shot Blocked by Xavier Ouellet.
0:08 of 1st period - Snap shot by Radim Zohorna.
0:08 of 1st period - Shot Misses the Net.
0:10 of 1st period - Wrist shot by Cole Perfetti.
0:10 of 1st period - Shot Misses the Net.
0:12 of 1st period - Wrist shot by Ian Mitchell.
0:12 of 1st period - Shot Blocked by Dylan Gambrell.
0:14 of 1st period - Slapshot by Ian Mitchell.
0:14 of 1st period - Shot Misses the Net.
0:16 of 1st period - Snap shot by Cole Perfetti.
0:16 of 1st period - Deflect By Nolan Patrick.
0:16 of 1st period - Shot Blocked by Dylan Gambrell.
0:16 of 1st period - Puck is out of play.
0:17 of 1st period - Morgan Frost wins face-off versus Cooper Marody in Boisbriand Armada zone.
0:23 of 1st period - Off-side.
0:24 of 1st period - Cooper Marody wins face-off versus Morgan Frost in neutral zone.
1:07 of 1st period - Wrist shot by Cooper Marody.
1:07 of 1st period - Shot Misses the Net.
1:11 of 1st period - Wrist shot by Cooper Marody.
1:11 of 1st period - Stopped by Hunter Jones with a rebound.
1:23 of 1st period - Snap shot by Akil Thomas.
1:23 of 1st period - Shot Blocked by Wyatte Wylie.
1:25 of 1st period - Snap shot by Lane Pederson.
1:25 of 1st period - Deflect By Dylan Gambrell.
1:25 of 1st period - Goal by Lane Pederson - Lowell Devils : 1 - Boisbriand Armada : 0.
1:26 of 1st period - Anthony Richard wins face-off versus Radim Zohorna in neutral zone.
1:31 of 1st period - Wrist shot by Gabriel Gagne.
1:31 of 1st period - Stopped by Ryan Miller with a rebound.
1:51 of 1st period - Otto Koivula is hit by Samuel Bolduc and loses puck.
2:24 of 1st period - Snap shot by Anthony Richard.
2:24 of 1st period - Shot Misses the Net.
2:26 of 1st period - Slapshot by Anthony Richard.
2:26 of 1st period - Goal by Anthony Richard - Lowell Devils : 1 - Boisbriand Armada : 1.
2:27 of 1st period - Dylan Gambrell wins face-off versus Radim Zohorna in neutral zone.
3:03 of 1st period - Snap shot by Cooper Marody.
3:03 of 1st period - Stopped by Hunter Jones with a rebound.
3:50 of 1st period - Wrist shot by Anthony Richard.
3:50 of 1st period - Stopped by Ryan Miller with a rebound.
3:52 of 1st period - Snap shot by Anthony Richard.
3:52 of 1st period - Goal by Anthony Richard - Lowell Devils : 1 - Boisbriand Armada : 2.
3:53 of 1st period - Dylan Gambrell wins face-off versus Matthew Phillips in neutral zone.
3:58 of 1st period - Jack Rathbone is hit by Pavel Gogolev and loses puck.
5:09 of 1st period - Wrist shot by Cole Caufield.
5:09 of 1st period - Deflect By Radim Zohorna.
5:09 of 1st period - Stopped by Hunter Jones without a rebound.
5:10 of 1st period - Radim Zohorna wins face-off versus Morgan Frost in Boisbriand Armada zone.
5:11 of 1st period - Snap shot by Cole Caufield.
5:11 of 1st period - Stopped by Hunter Jones with a rebound.
5:17 of 1st period - Radim Zohorna is hit by Dominik Bokk.
5:37 of 1st period - Samuel Bolduc is hit by Dylan Gambrell and loses puck.
5:55 of 1st period - Off-side.
5:56 of 1st period - Jack Studnicka wins face-off versus Anthony Richard in neutral zone.
6:09 of 1st period - Snap shot by Vitaly Abramov.
6:09 of 1st period - Stopped by Hunter Jones without a rebound.
6:10 of 1st period - Cole Perfetti wins face-off versus Dylan Gambrell in Boisbriand Armada zone.
6:15 of 1st period - Backhand shot by Cole Caufield.
6:15 of 1st period - Shot Blocked by Dylan Gambrell.
6:17 of 1st period - Slapshot by Radim Zohorna.
6:17 of 1st period - Goal by Radim Zohorna - Lowell Devils : 2 - Boisbriand Armada : 2.
6:18 of 1st period - Radim Zohorna wins face-off versus Dylan Gambrell in neutral zone.
7:35 of 1st period - Snap shot by Josh Melnick.
7:35 of 1st period - Stopped by Ryan Miller without a rebound.
7:36 of 1st period - Dylan Gambrell wins face-off versus Cooper Marody in Lowell Devils zone.
7:43 of 1st period - Slapshot by Nolan Patrick.
7:43 of 1st period - Stopped by Ryan Miller without a rebound.
7:44 of 1st period - Dylan Gambrell wins face-off versus Cooper Marody in Lowell Devils zone.
7:47 of 1st period - Snap shot by Pavel Gogolev.
7:47 of 1st period - Stopped by Ryan Miller without a rebound.
7:48 of 1st period - Dylan Gambrell wins face-off versus Radim Zohorna in Lowell Devils zone.
7:49 of 1st period - Wrist shot by Pavel Gogolev.
7:49 of 1st period - Stopped by Ryan Miller with a rebound.
7:55 of 1st period - Slapshot by Radim Zohorna.
7:55 of 1st period - Stopped by Hunter Jones with a rebound.
7:57 of 1st period - Wrist shot by Cole Perfetti.
7:57 of 1st period - Stopped by Hunter Jones with a rebound.
7:59 of 1st period - Slapshot by Ian Mitchell.
7:59 of 1st period - Shot Hit the Post.
8:01 of 1st period - Slapshot by Samuel Bolduc.
8:01 of 1st period - Shot Blocked by Nolan Patrick.
8:03 of 1st period - Snap shot by Cole Perfetti.
8:03 of 1st period - Shot Misses the Net.
8:15 of 1st period - Ian Mitchell is hit by Gabriel Gagne and loses puck.
8:40 of 1st period - Casey Fitzgerald is hit by Samuel Bolduc.
8:44 of 1st period - Cooper Marody is hit by Casey Fitzgerald and loses puck.
9:21 of 1st period - Samuel Bolduc is hit by Mason Primeau and loses puck.
9:48 of 1st period - Trey Fix-Wolansky is hit by Darren Raddysh and loses puck.
9:53 of 1st period - Snap shot by Otto Koivula.
9:53 of 1st period - Shot Blocked by Ian Mitchell.
9:55 of 1st period - Snap shot by Gabriel Gagne.
9:55 of 1st period - Goal by Gabriel Gagne - Lowell Devils : 2 - Boisbriand Armada : 3.
9:56 of 1st period - Radim Zohorna wins face-off versus Pavel Gogolev in neutral zone.
10:21 of 1st period - Cole Perfetti is hit by Darren Raddysh and loses puck.
10:43 of 1st period - Wrist shot by Cooper Marody.
10:43 of 1st period - Shot Misses the Net.
11:07 of 1st period - Pavel Gogolev is hit by Kyle Capobianco and loses puck.
11:31 of 1st period - Off-side.
11:32 of 1st period - Morgan Frost wins face-off versus Cooper Marody in neutral zone.
12:26 of 1st period - Radim Zohorna is hit by Otto Koivula and loses puck.
12:51 of 1st period - Snap shot by Radim Zohorna.
12:51 of 1st period - Stopped by Hunter Jones with a rebound.
12:53 of 1st period - Slapshot by Samuel Bolduc.
12:53 of 1st period - Shot Blocked by Josh Melnick.
12:55 of 1st period - Wrist shot by Radim Zohorna.
12:55 of 1st period - Shot Misses the Net.
14:52 of 1st period - Darren Raddysh is hit by Cooper Marody and loses puck.
15:05 of 1st period - Radim Zohorna is hit by Dominik Bokk.
15:21 of 1st period - Wrist shot by Otto Koivula.
15:21 of 1st period - Stopped by Ryan Miller without a rebound.
15:22 of 1st period - Cooper Marody wins face-off versus Anthony Richard in Lowell Devils zone.
15:43 of 1st period - Wrist shot by Anthony Richard.
15:43 of 1st period - Stopped by Ryan Miller with a rebound.
16:25 of 1st period - Snap shot by Matthew Phillips.
16:25 of 1st period - Stopped by Hunter Jones without a rebound.
16:26 of 1st period - Dylan Gambrell wins face-off versus Cooper Marody in Boisbriand Armada zone.
16:31 of 1st period - Wrist shot by Nolan Patrick.
16:31 of 1st period - Stopped by Ryan Miller with a rebound.
16:33 of 1st period - Wrist shot by Pavel Gogolev.
16:33 of 1st period - Stopped by Ryan Miller with a rebound.
16:35 of 1st period - Snap shot by Nolan Patrick.
16:35 of 1st period - Shot Blocked by Samuel Bolduc.
16:37 of 1st period - Wrist shot by Pavel Gogolev.
16:37 of 1st period - Stopped by Ryan Miller with a rebound.
16:47 of 1st period - Snap shot by Dominik Bokk.
16:47 of 1st period - Shot Hit the Post.
16:49 of 1st period - Snap shot by Dominik Bokk.
16:49 of 1st period - Stopped by Ryan Miller with a rebound.
16:51 of 1st period - Wrist shot by Josh Melnick.
16:51 of 1st period - Shot Misses the Net.
16:53 of 1st period - Slapshot by Josh Melnick.
16:53 of 1st period - Deflect By Cole Perfetti.
16:53 of 1st period - Shot Misses the Net.
16:53 of 1st period - Puck is out of play.
16:54 of 1st period - Radim Zohorna wins face-off versus Morgan Frost in Lowell Devils zone.
17:05 of 1st period - Snap shot by Cole Caufield.
17:05 of 1st period - Deflect By Radim Zohorna.
17:05 of 1st period - Shot Misses the Net.
17:05 of 1st period - Puck is out of play.
17:06 of 1st period - Dylan Gambrell wins face-off versus Radim Zohorna in Boisbriand Armada zone.
18:30 of 1st period - Snap shot by Josh Melnick.
18:30 of 1st period - Shot Misses the Net.
18:56 of 1st period - Icing by Akil Thomas.
18:57 of 1st period - Dylan Gambrell wins face-off versus Cooper Marody in Lowell Devils zone.
18:58 of 1st period - Snap shot by Pavel Gogolev.
18:58 of 1st period - Stopped by Ryan Miller with a rebound.
19:00 of 1st period - Wrist shot by Dylan Gambrell.
19:00 of 1st period - Stopped by Ryan Miller with a rebound.
19:02 of 1st period - Wrist shot by Wyatte Wylie.
19:02 of 1st period - Stopped by Ryan Miller without a rebound.
19:03 of 1st period - Dylan Gambrell wins face-off versus Radim Zohorna in Lowell Devils zone.
Goals for this period are 2 for Lowell Devils vs 3 for Boisbriand Armada.
Shots for this period are 11 for Lowell Devils vs 18 for Boisbriand Armada.

2nd period


0:01 of 2nd period - Radim Zohorna wins face-off versus Dylan Gambrell in neutral zone.
0:06 of 2nd period - Snap shot by Cole Caufield.
0:06 of 2nd period - Stopped by Hunter Jones with a rebound.
0:42 of 2nd period - Wrist shot by Dylan Gambrell.
0:42 of 2nd period - Goal by Dylan Gambrell - Lowell Devils : 2 - Boisbriand Armada : 4.
0:42 of 2nd period - Vasily Demchenko enters game.
0:43 of 2nd period - Radim Zohorna wins face-off versus Josh Melnick in neutral zone.
0:52 of 2nd period - Wrist shot by Morgan Frost.
0:52 of 2nd period - Stopped by Vasily Demchenko with a rebound.
0:54 of 2nd period - Snap shot by Josh Melnick.
0:54 of 2nd period - Shot Misses the Net.
0:56 of 2nd period - Wrist shot by Josh Melnick.
0:56 of 2nd period - Deflect By Cole Caufield.
0:56 of 2nd period - Shot Misses the Net.
0:56 of 2nd period - Puck is out of play.
0:57 of 2nd period - Dylan Gambrell wins face-off versus Radim Zohorna in Lowell Devils zone.
1:06 of 2nd period - Slapshot by Cole Perfetti.
1:06 of 2nd period - Stopped by Hunter Jones with a rebound.
1:08 of 2nd period - Slapshot by Samuel Bolduc.
1:08 of 2nd period - Stopped by Hunter Jones without a rebound.
1:09 of 2nd period - Dylan Gambrell wins face-off versus Radim Zohorna in Boisbriand Armada zone.
1:09 of 2nd period - Dylan Gambrell is hit by Radim Zohorna.
1:40 of 2nd period - Off-side.
1:41 of 2nd period - Cooper Marody wins face-off versus Anthony Richard in neutral zone.
2:08 of 2nd period - Otto Koivula is hit by Radim Zohorna and loses puck.
2:43 of 2nd period - Xavier Ouellet is hit by Jack Studnicka and loses puck.
3:04 of 2nd period - Snap shot by Lane Pederson.
3:04 of 2nd period - Stopped by Hunter Jones with a rebound.
4:04 of 2nd period - Xavier Ouellet is hit by Vitaly Abramov and loses puck.
4:27 of 2nd period - Wrist shot by Gabriel Gagne.
4:27 of 2nd period - Stopped by Vasily Demchenko without a rebound.
4:28 of 2nd period - Anthony Richard wins face-off versus Matthew Phillips in Lowell Devils zone.
4:29 of 2nd period - Slapshot by Otto Koivula.
4:29 of 2nd period - Shot Misses the Net.
4:31 of 2nd period - Wrist shot by Anthony Richard.
4:31 of 2nd period - Shot Misses the Net.
4:37 of 2nd period - Wrist shot by Otto Koivula.
4:37 of 2nd period - Stopped by Vasily Demchenko without a rebound.
4:38 of 2nd period - Morgan Frost wins face-off versus Radim Zohorna in Lowell Devils zone.
4:51 of 2nd period - Snap shot by Morgan Frost.
4:51 of 2nd period - Goal by Morgan Frost - Lowell Devils : 2 - Boisbriand Armada : 5.
4:52 of 2nd period - Radim Zohorna wins face-off versus Dylan Gambrell in neutral zone.
5:47 of 2nd period - Slapshot by Trey Fix-Wolansky.
5:47 of 2nd period - Stopped by Hunter Jones without a rebound.
5:48 of 2nd period - Cole Perfetti wins face-off versus Dylan Gambrell in Boisbriand Armada zone.
5:55 of 2nd period - Cole Perfetti is hit by Casey Fitzgerald and loses puck.
6:21 of 2nd period - Wrist shot by Cooper Marody.
6:21 of 2nd period - Shot Misses the Net.
6:23 of 2nd period - Slapshot by Lane Pederson.
6:23 of 2nd period - Stopped by Hunter Jones with a rebound.
6:25 of 2nd period - Wrist shot by Lane Pederson.
6:25 of 2nd period - Stopped by Hunter Jones with a rebound.
6:27 of 2nd period - Snap shot by Cooper Marody.
6:27 of 2nd period - Stopped by Hunter Jones with a rebound.
6:54 of 2nd period - Icing by Casey Fitzgerald.
6:55 of 2nd period - Matthew Phillips wins face-off versus Anthony Richard in Boisbriand Armada zone.
7:04 of 2nd period - Gabriel Gagne is hit by Cole Perfetti and loses puck.
7:21 of 2nd period - Gabriel Gagne is hit by Vitaly Abramov.
7:54 of 2nd period - Wrist shot by Anthony Richard.
7:54 of 2nd period - Shot Blocked by Cooper Marody.
7:56 of 2nd period - Backhand shot by Xavier Ouellet.
7:56 of 2nd period - Shot Misses the Net.
7:58 of 2nd period - Slapshot by Xavier Ouellet.
7:58 of 2nd period - Shot Blocked by Lane Pederson.
8:02 of 2nd period - Snap shot by Otto Koivula.
8:02 of 2nd period - Shot Blocked by Lane Pederson.
8:04 of 2nd period - Wrist shot by Gabriel Gagne.
8:04 of 2nd period - Shot Blocked by Samuel Bolduc.
8:06 of 2nd period - Wrist shot by Gabriel Gagne.
8:06 of 2nd period - Stopped by Vasily Demchenko without a rebound.
8:07 of 2nd period - Radim Zohorna wins face-off versus Dylan Gambrell in Lowell Devils zone.
8:07 of 2nd period - Radim Zohorna is hit by Wyatte Wylie.
10:40 of 2nd period - Matthew Phillips is hit by Wyatte Wylie and loses puck.
11:07 of 2nd period - Morgan Frost is hit by Brinson Pasichnuk.
11:19 of 2nd period - Mason Primeau is hit by Cole Caufield and loses puck.
11:50 of 2nd period - Slapshot by Samuel Bolduc.
11:50 of 2nd period - Shot Misses the Net.
11:52 of 2nd period - Slapshot by Matthew Phillips.
11:52 of 2nd period - Shot Misses the Net.
12:15 of 2nd period - Off-side.
12:16 of 2nd period - Jack Studnicka wins face-off versus Dominik Bokk in neutral zone.
12:45 of 2nd period - Icing by Darren Raddysh.
12:46 of 2nd period - Radim Zohorna wins face-off versus Mason Primeau in Boisbriand Armada zone.
13:13 of 2nd period - Snap shot by Morgan Frost.
13:13 of 2nd period - Shot Blocked by Lane Pederson.
13:56 of 2nd period - Anthony Richard is hit by Vitaly Abramov and loses puck.
14:13 of 2nd period - Icing by Gabriel Gagne.
14:14 of 2nd period - Josh Melnick wins face-off versus Radim Zohorna in Boisbriand Armada zone.
14:19 of 2nd period - Samuel Bolduc is hit by Morgan Frost and loses puck.
14:47 of 2nd period - Slapshot by Morgan Frost.
14:47 of 2nd period - Stopped by Vasily Demchenko without a rebound.
14:48 of 2nd period - Dylan Gambrell wins face-off versus Radim Zohorna in Lowell Devils zone.
14:53 of 2nd period - Wrist shot by Nolan Patrick.
14:53 of 2nd period - Stopped by Vasily Demchenko with a rebound.
15:03 of 2nd period - Wrist shot by Nolan Patrick.
15:03 of 2nd period - Shot Misses the Net.
15:13 of 2nd period - Xavier Ouellet is hit by Lane Pederson.
15:35 of 2nd period - Wyatte Wylie is hit by Trey Fix-Wolansky and loses puck.
15:42 of 2nd period - Slapshot by Jack Studnicka.
15:42 of 2nd period - Shot Blocked by Wyatte Wylie.
16:10 of 2nd period - Akil Thomas is hit by Nolan Patrick and loses puck.
16:46 of 2nd period - Xavier Ouellet is hit by Radim Zohorna and loses puck.
18:32 of 2nd period - Wrist shot by Mason Primeau.
18:32 of 2nd period - Shot Misses the Net.
18:34 of 2nd period - Snap shot by Otto Koivula.
18:34 of 2nd period - Shot Misses the Net.
18:54 of 2nd period - Wrist shot by Cole Caufield.
18:54 of 2nd period - Stopped by Hunter Jones with a rebound.
18:56 of 2nd period - Snap shot by Cole Perfetti.
18:56 of 2nd period - Shot Misses the Net.
18:58 of 2nd period - Wrist shot by Jan Jenik.
18:58 of 2nd period - Stopped by Hunter Jones without a rebound.
18:59 of 2nd period - Dylan Gambrell wins face-off versus Trey Fix-Wolansky in Boisbriand Armada zone.
19:18 of 2nd period - Wrist shot by Anthony Richard.
19:18 of 2nd period - Shot Misses the Net.
19:20 of 2nd period - Wrist shot by Gabriel Gagne.
19:20 of 2nd period - Goal by Gabriel Gagne - Lowell Devils : 2 - Boisbriand Armada : 6.
19:21 of 2nd period - Dylan Gambrell wins face-off versus Radim Zohorna in neutral zone.
19:46 of 2nd period - Lane Pederson is hit by Josh Melnick and loses puck.
Goals for this period are 0 for Lowell Devils vs 3 for Boisbriand Armada.
Shots for this period are 10 for Lowell Devils vs 9 for Boisbriand Armada.

3rd period


0:01 of 3rd period - Dylan Gambrell wins face-off versus Radim Zohorna in neutral zone.
0:32 of 3rd period - Dominik Bokk is hit by Brinson Pasichnuk and loses puck.
0:43 of 3rd period - Snap shot by Lane Pederson.
0:43 of 3rd period - Shot Blocked by Darren Raddysh.
0:49 of 3rd period - Minor Penalty to Morgan Frost for Hooking.
0:50 of 3rd period - Dylan Gambrell wins face-off versus Radim Zohorna in Boisbriand Armada zone.
2:04 of 3rd period - Cole Perfetti is hit by Xavier Ouellet and loses puck.
2:49 of 3rd period - Penalty to Morgan Frost is over, Morgan Frost is back on ice.
3:20 of 3rd period - Wrist shot by Evan Barratt.
3:20 of 3rd period - Deflect By Matthew Phillips.
3:20 of 3rd period - Shot Blocked by Jeremy Roy.
3:20 of 3rd period - Puck is out of play.
3:21 of 3rd period - Jack Studnicka wins face-off versus Anthony Richard in Boisbriand Armada zone.
3:32 of 3rd period - Jack Studnicka is hit by Anthony Richard.
3:50 of 3rd period - Icing by Dominik Bokk.
3:51 of 3rd period - Morgan Frost wins face-off versus Cooper Marody in Boisbriand Armada zone.
4:55 of 3rd period - Wyatte Wylie and Trey Fix-Wolansky fight to a draw.
4:55 of 3rd period - Penalty to Wyatte Wylie for Fighting.
4:55 of 3rd period - Penalty to Trey Fix-Wolansky for Fighting.
4:56 of 3rd period - Dylan Gambrell wins face-off versus Radim Zohorna in Boisbriand Armada zone.
5:05 of 3rd period - Wrist shot by Nolan Patrick.
5:05 of 3rd period - Shot Misses the Net.
5:15 of 3rd period - Dylan Gambrell is hit by Radim Zohorna.
5:33 of 3rd period - Wrist shot by Morgan Frost.
5:33 of 3rd period - Stopped by Vasily Demchenko with a rebound.
5:51 of 3rd period - Wrist shot by Lane Pederson.
5:51 of 3rd period - Shot Blocked by Morgan Frost.
5:53 of 3rd period - Slapshot by Brinson Pasichnuk.
5:53 of 3rd period - Shot Blocked by Donovan Sebrango.
5:55 of 3rd period - Snap shot by Akil Thomas.
5:55 of 3rd period - Stopped by Hunter Jones with a rebound.
5:57 of 3rd period - Wrist shot by Lane Pederson.
5:57 of 3rd period - Goal by Lane Pederson - Lowell Devils : 3 - Boisbriand Armada : 6.
5:58 of 3rd period - Dylan Gambrell wins face-off versus Radim Zohorna in neutral zone.
6:01 of 3rd period - Snap shot by Pavel Gogolev.
6:01 of 3rd period - Stopped by Vasily Demchenko with a rebound.
6:04 of 3rd period - Icing by Samuel Bolduc.
6:05 of 3rd period - Dylan Gambrell wins face-off versus Radim Zohorna in Lowell Devils zone.
7:34 of 3rd period - Darren Raddysh is hit by Cole Perfetti.
7:54 of 3rd period - Snap shot by Jack Studnicka.
7:54 of 3rd period - Stopped by Hunter Jones without a rebound.
7:55 of 3rd period - Cooper Marody wins face-off versus Anthony Richard in Boisbriand Armada zone.
8:22 of 3rd period - Otto Koivula is hit by Samuel Bolduc and loses puck.
8:43 of 3rd period - Snap shot by Pavel Gogolev.
8:43 of 3rd period - Shot Misses the Net.
8:45 of 3rd period - Slapshot by Jeremy Roy.
8:45 of 3rd period - Stopped by Vasily Demchenko with a rebound.
8:47 of 3rd period - Slapshot by Pavel Gogolev.
8:47 of 3rd period - Stopped by Vasily Demchenko with a rebound.
8:49 of 3rd period - Backhand shot by Nolan Patrick.
8:49 of 3rd period - Shot Blocked by Vitaly Abramov.
8:51 of 3rd period - Snap shot by Dylan Gambrell.
8:51 of 3rd period - Shot Misses the Net.
9:00 of 3rd period - Off-side.
9:01 of 3rd period - Josh Melnick wins face-off versus Cooper Marody in neutral zone.
9:06 of 3rd period - Slapshot by Morgan Frost.
9:06 of 3rd period - Deflect By Dominik Bokk.
9:06 of 3rd period - Shot Misses the Net.
9:06 of 3rd period - Puck is out of play.
9:07 of 3rd period - Dylan Gambrell wins face-off versus Radim Zohorna in Lowell Devils zone.
9:08 of 3rd period - Snap shot by Nolan Patrick.
9:08 of 3rd period - Stopped by Vasily Demchenko with a rebound.
9:10 of 3rd period - Slapshot by Nolan Patrick.
9:10 of 3rd period - Stopped by Vasily Demchenko with a rebound.
9:12 of 3rd period - Wrist shot by Nolan Patrick.
9:12 of 3rd period - Shot Misses the Net.
9:14 of 3rd period - Slapshot by Xavier Ouellet.
9:14 of 3rd period - Stopped by Vasily Demchenko with a rebound.
9:16 of 3rd period - Snap shot by Nolan Patrick.
9:16 of 3rd period - Stopped by Vasily Demchenko with a rebound.
9:34 of 3rd period - Slapshot by Samuel Bolduc.
9:34 of 3rd period - Shot Misses the Net.
10:05 of 3rd period - Icing by Brinson Pasichnuk.
10:06 of 3rd period - Dylan Gambrell wins face-off versus Jack Studnicka in Lowell Devils zone.
10:19 of 3rd period - Snap shot by Pavel Gogolev.
10:19 of 3rd period - Stopped by Vasily Demchenko with a rebound.
10:57 of 3rd period - Snap shot by Jack Studnicka.
10:57 of 3rd period - Shot Misses the Net.
11:22 of 3rd period - Slapshot by Nolan Patrick.
11:22 of 3rd period - Shot Misses the Net.
11:28 of 3rd period - Jeremy Roy is hit by Vitaly Abramov and loses puck.
11:33 of 3rd period - Snap shot by Jack Studnicka.
11:33 of 3rd period - Shot Misses the Net.
11:49 of 3rd period - Snap shot by Nolan Patrick.
11:49 of 3rd period - Deflect By Jack Studnicka.
11:49 of 3rd period - Stopped by Vasily Demchenko without a rebound.
11:50 of 3rd period - Radim Zohorna wins face-off versus Morgan Frost in Lowell Devils zone.
12:02 of 3rd period - Off-side.
12:03 of 3rd period - Dylan Gambrell wins face-off versus Radim Zohorna in neutral zone.
12:18 of 3rd period - Snap shot by Cole Caufield.
12:18 of 3rd period - Deflect By Darren Raddysh.
12:18 of 3rd period - Stopped by Hunter Jones with a rebound.
12:33 of 3rd period - Slapshot by Jack Rathbone.
12:33 of 3rd period - Stopped by Hunter Jones with a rebound.
12:35 of 3rd period - Wrist shot by Akil Thomas.
12:35 of 3rd period - Stopped by Hunter Jones with a rebound.
12:37 of 3rd period - Slapshot by Akil Thomas.
12:37 of 3rd period - Stopped by Hunter Jones with a rebound.
12:51 of 3rd period - Wrist shot by Otto Koivula.
12:51 of 3rd period - Stopped by Vasily Demchenko without a rebound.
12:52 of 3rd period - Anthony Richard wins face-off versus Cooper Marody in Lowell Devils zone.
16:41 of 3rd period - Slapshot by Brinson Pasichnuk.
16:41 of 3rd period - Shot Misses the Net.
17:01 of 3rd period - Josh Melnick is hit by Jan Jenik and loses puck.
17:46 of 3rd period - Gabriel Gagne is hit by Vitaly Abramov and loses puck.
17:51 of 3rd period - Slapshot by Jack Studnicka.
17:51 of 3rd period - Stopped by Hunter Jones without a rebound.
17:52 of 3rd period - Dylan Gambrell wins face-off versus Radim Zohorna in Boisbriand Armada zone.
17:59 of 3rd period - Wrist shot by Nolan Patrick.
17:59 of 3rd period - Stopped by Vasily Demchenko with a rebound.
18:42 of 3rd period - Wes Michaud is hit by Jack Rathbone and loses puck.
19:11 of 3rd period - Wrist shot by Radim Zohorna.
19:11 of 3rd period - Shot Blocked by Wyatte Wylie.
19:13 of 3rd period - Snap shot by Radim Zohorna.
19:13 of 3rd period - Goal by Radim Zohorna - Lowell Devils : 4 - Boisbriand Armada : 6.
19:14 of 3rd period - Cooper Marody wins face-off versus Dylan Gambrell in neutral zone.
19:29 of 3rd period - Slapshot by Lane Pederson.
19:29 of 3rd period - Shot Misses the Net.
Goals for this period are 2 for Lowell Devils vs 0 for Boisbriand Armada.
Shots for this period are 9 for Lowell Devils vs 12 for Boisbriand Armada. Output by the SimonT Hockey Simulator (STHS) for Eric Tremblay - Original Page W3C HTML5 Valid
Hockey Simulator - Hockey Simulation - Hockey Manager